 Dungeon Sprint DCSS version 0.19-a0-1049-g462a813 (webtiles) character file.

95 Kidiri the Shooter (level 4, -3/40 HPs)
             Began as a Centaur Arcane Marksman on July 31, 2016.
             Was an Initiate of Okawaru.
             Slain by Crazy Yiuf
             ... wielding a +4 quarterstaff of chaos
              (10 damage)
             ... in the Dungeon (Sprint V: "Ziggurat Sprint").
             The game lasted 00:05:49 (378 turns).

Kidiri the Shooter (Centaur Arcane Marksman)         Turns: 378, Time: 00:05:50

Health: -3/40      AC:  6    Str: 13    XL:     4   Next: 39%
Magic:  2/8        EV:  9    Int: 18    God:    Okawaru [......]
Gold:   0          SH:  0    Dex: 16    Spells: 4 memorised, 0 levels left

rFire  + . .     SeeInvis .     K - +7 longbow "Piercer" {penet, EV-2}
rCold  . . .     Gourm    .     O - +2 leather armour {rF+}
rNeg   . . .     Faith    .     (shield currently unavailable)
rPois  .         Spirit   .     (no helmet)
rElec  .         Dismiss  .     (no cloak)
rCorr  .         Reflect  .     (no gloves)
SustAt .         Harm     .     (no barding)
MR     .....     NoTele   +     (no amulet)
Stlth  +.........               C - +6 ring of intelligence
                                y - +6 ring of dexterity

@: very slightly contaminated, drained, very quick, not resistant to hostile
enchantments, very unstealthy
A: hooves 3, deformed body, speed 2, tough skin 3
a: Renounce Religion


You were in the Dungeon.
You worshipped Okawaru.
Okawaru was noncommittal.
You were not hungry.

You visited 1 branch

Inventory:

Hand Weapons
 a - a +5 rapier
 K - the +7 longbow "Piercer" (weapon) {penet, EV-2}
   (You found it in the Dungeon)

   Ammo fired by it will pass through the targets it hits, potentially hitting
   all targets in its path until it reaches maximum range.
   It affects your evasion (-2).
Missiles
 d - 14 arrows (quivered)
Armour
 l - a +0 robe
 o - a +3 buckler
 L - a +5 gold dragon armour
 O - a +2 leather armour of fire resistance (worn)
Jewellery
 y - a +6 ring of dexterity (left hand)
 B - a +6 ring of dexterity
 C - a +6 ring of intelligence (right hand)
 D - a +6 ring of intelligence
 E - a +6 ring of strength
 F - a +6 ring of strength
Wands
 G - a wand of disintegration (7/24)
 H - a wand of iceblast (5/15)
 I - a wand of lightning (5/15)
 J - a wand of acid (5/15)
Scrolls
 k - 4 scrolls of blinking
 r - 4 scrolls of amnesia
 s - 3 scrolls of recharging
 t - 7 scrolls of fog
 u - a scroll of holy word
 v - 5 scrolls of identify
 w - 5 scrolls of remove curse
 x - 2 scrolls of fear
Potions
 b - 2 potions of brilliance
 e - 9 potions of curing
 g - 7 potions of heal wounds
 h - 6 potions of haste
 i - 7 potions of magic
 j - 3 potions of berserk rage
 m - 2 potions of invisibility
 n - 4 potions of resistance
 p - 5 potions of agility
 q - 5 potions of might
Books
 c - a book of Debilitation

   Spells                             Type                      Level
   a - Corona                         Hexes                        1
   b - Slow                           Hexes                        2
   c - Gell's Gravitas                Hexes/Translocation          3
   d - Inner Flame                    Hexes/Fire                   3
   e - Cause Fear                     Hexes                        4
   f - Leda's Liquefaction            Hexes/Earth                  4
Comestibles
 f - 5 bread rations
 z - 42 fruits
 A - 4 meat rations
 M - 3 royal jellies
 N - 3 chunks of flesh


   Skills:
 * Level 4.2(3.9) Fighting
 * Level 6.2(5.8) Bows
 + Level 2.0(1.7) Armour
 * Level 3.5(3.2) Dodging
 * Level 3.2(2.8) Spellcasting
 + Level 3.9(3.6) Hexes
 + Level 3.0(2.7) Invocations


You couldn't memorise any spells.
You knew the following spells:

 Your Spells              Type           Power        Failure   Level  Hunger
a - Corona                Hex            ###....      6%          1    None
b - Slow                  Hex            ###.....     10%         2    ##.....
c - Gell's Gravitas       Hex/Tloc       #.........   30%         3    ###....
d - Inner Flame           Hex/Fire       #.......     30%         3    ###....


Dungeon Overview and Level Annotations

Branches:
Dungeon (1/1)

Altars:
Ashenzari
Cheibriados
Dithmenos
Elyvilon
Fedhas
Gozag
Hepliaklqana
Kikubaaqudgha
Makhleb
Nemelex Xobeh
Okawaru
Pakellas
Qazlal
Ru
Sif Muna
Trog
Uskayaw
Vehumet
Xom
Yredelemnul
Zin
The Shining One
Beogh
Jiyva
Lugonu

Annotations:
D Blork the orc, Crazy Yiuf, Jessica, Sigmund


Innate Abilities, Weirdness & Mutations

You have hooves in place of feet.
Armour fits poorly on your strangely shaped body.
You cover ground very quickly.
You have extremely tough skin. (AC +3)


Message History

Blork the orc hits you with a dire flail of draining!
You feel drained.
Crazy Yiuf hits you with a quarterstaff of chaos!
Jessica points at you and mumbles some strange words.
Pain shoots through your body! Blork the orc barely misses you.
Firing (i - inventory):
d - 15 arrows (quivered)
Press: ? - help, Shift-Dir - straight line, f/p - Crazy Yiuf
Aim: Crazy Yiuf, wielding a quarterstaff of chaos and wearing a cloak (almost dead)
You shoot an arrow. The arrow closely misses Crazy Yiuf.
The arrow barely misses Sigmund.
Jessica hits you but does no damage. Blork the orc barely misses you.
Crazy Yiuf says, "Prologue!"
Crazy Yiuf hits you with a quarterstaff of chaos.
Sigmund closely misses you. Jessica hits you with a club.
* * * LOW HITPOINT WARNING * * *
Blork the orc casts a spell at you. The puff of flame hits you! You resist.
* * * LOW HITPOINT WARNING * * *
Crazy Yiuf hits you with a quarterstaff of chaos!
You die...

▓▓▓▓▓▓▓▓▓▓▓▓▓▓▓▓▓▓▓
▓.8©8.▓.8©8.▓.8©8.▓
▓.)}|.▓.))|.▓.....▓
▓..:..▓.....▓.}...▓
▓.....▓.....▓.....▓
▓..@..▓.....▓..)).▓
▓.@go.▓.....▓.....▓
▓..@..▓.)...▓▓▓▓▓▓▓
▓▓▓▓▓▓▓▓▓▓▓▓▓


You could see Blork the orc, Sigmund, Crazy Yiuf and Jessica.

Vanquished Creatures
  An orc priest (D)
  2 orc wizards (D)
  2 orcs (D)
5 creatures vanquished.

Vanquished Creatures (others)
  Psyche (D)
  Grum (D)
2 creatures vanquished.

Grand Total: 7 creatures vanquished

Notes
Turn   | Place    | Note
-------+----------+-------------------------------------------
     0 | D        | Kidiri the Centaur Arcane Marksman began the quest for the Orb.
     0 | D        | Reached XP level 1. HP: 16/16 MP: 2/2
     0 | D        | Found a blossoming altar of Fedhas.
     0 | D        | Found a snail-covered altar of Cheibriados.
     0 | D        | Found a viscous altar of Jiyva.
     0 | D        | Found a roughly hewn altar of Beogh.
     0 | D        | Found a corrupted altar of Lugonu.
     1 | D        | Found a white marble altar of Elyvilon.
     1 | D        | Found a shimmering altar of Xom.
     3 | D        | Found a deep blue altar of Sif Muna.
     3 | D        | Found a burning altar of Makhleb.
     3 | D        | Found a bloodstained altar of Trog.
     3 | D        | Found an iron altar of Okawaru.
     3 | D        | Found a sparkling altar of Nemelex Xobeh.
     3 | D        | Found a radiant altar of Vehumet.
     5 | D        | Killed Psyche
    88 | D        | Became a worshipper of Warmaster Okawaru
    92 | D        | Reached skill level 4 in Bows
    92 | D        | Reached skill level 1 in Armour
    92 | D        | Reached XP level 2. HP: 26/26 MP: 3/5
   116 | D        | Killed Grum
   152 | D        | Learned a level 2 spell: Slow
   152 | D        | Entered arena 1.
   161 | D        | Reached skill level 5 in Bows
   161 | D        | Reached XP level 3. HP: 30/31 MP: 7/7
   314 | D        | Entered arena 2.
   326 | D        | Reached skill level 6 in Bows
   326 | D        | Reached XP level 4. HP: 35/40 MP: 6/8
   367 | D        | Learned a level 3 spell: Gell's Gravitas
   371 | D        | Learned a level 3 spell: Inner Flame
   372 | D        | Entered arena 3.
   372 | D        | Noticed Sigmund
   372 | D        | Noticed Jessica
   372 | D        | Noticed Blork the orc
   372 | D        | Noticed Crazy Yiuf
   378 | D        | Slain by Crazy Yiuf

Vault maps used:
D:        sprint_v

Skill      XL: |  1  2  3 |
---------------+----------+-----
Fighting       | 3 4 |  4.2
Bows           | 4 5 6 |  6.2
Armour         | 1 2 |  2.0
Dodging        | 2 3 |  3.5
Spellcasting   | 2 3 |  3.2
Hexes          | 3 |  3.9
Invocations    | 2 3 |  3.0

Action                   |  1- 3 |  4- 6 || total
-------------------------+-------+-------++-------
Melee: Rapier            |     3 |       ||     3
       Kick              |     1 |       ||     1
 Fire: Longbow           |    16 |     2 ||    18
 Cast: Slow              |     1 |       ||     1
       Gell's Gravitas   |       |     1 ||     1
  Use: Potion            |     4 |     1 ||     5
Armor: Robe              |     8 |       ||     8
       Leather armour    |       |     1 ||     1
Dodge: Dodged            |     8 |     5 ||    13
